 Dungeon Crawl Stone Soup version 0.16.0-17-g811c1d7 (webtiles) character file.

247 wojtek the Slicer (level 6, -1/35 HPs)
             Began as a Kobold Assassin on Mar 20, 2015.
             Was an Initiate of Makhleb.
             Slain by an orc
             ... wielding a +0 hand axe
              (8 damage)
             ... on level 4 of the Dungeon.
             The game lasted 00:05:09 (3497 turns).

wojtek the Slicer (Kobold Assassin)                 Turns: 3497, Time: 00:05:10

Health: -1/35      AC:  3    Str: 10    XL:     6   Next: 34%
Magic:  6/6        EV: 14    Int: 11    God:    Makhleb [......]
Gold:   170        SH:  0    Dex: 17    Spells: 0 memorised, 5 levels left

rFire  . . .     SeeInvis .     a - +2 dagger
rCold  . . .     Clarity  .     c - +0 robe
rNeg   . . .     SustAb   .     (no shield)
rPois  .         Gourm    .     (no helmet)
rElec  .         Spirit   .     d - +0 cloak
rCorr  .         Warding  .     (no gloves)
rMut   .         Stasis   .     (no boots)
MR     .....                    (no amulet)
Stlth  +++.......               (no ring)
                                (no ring)

@: not resistant to hostile enchantments, fairly stealthy
A: carnivore 3
a: Renounce Religion


You were on level 4 of the Dungeon.
You worshipped Makhleb.
Makhleb was noncommittal.
You were very full.

You visited 1 branch of the dungeon, and saw 4 of its levels.

You collected 170 gold pieces.

Inventory:

Hand weapons
 a - a +2 dagger (weapon)
 b - a +0 blowgun
Missiles
 e - 39 poisoned needles
 f - 2 curare-tipped needles
 l - 4 stones (quivered)
Armour
 c - a +0 robe (worn)
 d - a +0 cloak (worn)
Magical devices
 u - a wand of polymorph (9)
Scrolls
 h - 3 scrolls of identify {unknown}
 i - 3 scrolls of noise {unknown}
 k - a scroll of random uselessness {unknown}
 m - a scroll of teleportation {unknown}
 n - 2 scrolls of fear {unknown}
 o - a scroll of immolation {unknown}
 q - a scroll of remove curse {unknown}
 r - a scroll of fog {unknown}
Potions
 j - a potion of curing {unknown}
 p - a potion of haste {unknown}
 t - a potion of brilliance {unknown}
Comestibles
 g - 2 meat rations


   Skills:
 + Level 2.1 Fighting
 - Level 8.2 Short Blades
 - Level 2.6 Throwing
 + Level 1.2 Dodging
 - Level 5.3 Stealth
 + Level 0.2 Invocations


You had 5 spell levels left.
You didn't know any spells.

Dungeon Overview and Level Annotations

Branches:
Dungeon (4/15)
 Temple: D:4-7

Altars:
Elyvilon
Makhleb
Sif Muna


Innate Abilities, Weirdness & Mutations

You are small and have problems with some larger weapons.
You are carnivorous and can eat meat at any time.


Message History

The orc wizard casts a spell at you. The magic dart hits you!
* * * LOW HITPOINT WARNING * * *
You are too injured to fight recklessly!
You are too injured to fight recklessly!
There is a stone staircase leading down here.
The orc wizard completely misses you.
The orc wizard hits you but does no damage.
There is a stone staircase leading down here.
You are too injured to fight recklessly!
You are too injured to fight recklessly!
You closely miss the orc wizard. The orc wizard hits you with a dagger.
* * * LOW HITPOINT WARNING * * *
You hit the orc wizard but do no damage.
The orc wizard casts a spell.
The orc wizard blinks!
You climb downwards.
The orc shouts! x2
The orc hits you with a hand axe!
You die...

#.# ####.# #
##.##.# #.##...#.#
#.#......######
#.............
#........#
#.##.o.#...#
#...@).....#
####.....(.......#
#.o#...........
....o.......#....
..###.c.......oo.#
. #............
#...........
#......(..#
......[.


You could see a centaur (wandering) and 3 orcs.

Vanquished Creatures
  A crimson imp (D:3)
  2 orc wizards (D:3)
  Jessica (D:3)
  5 adders
  3 worms
  3 giant geckos
  3 orcs
  A ball python (D:2)
  5 giant cockroaches
  12 hobgoblins
  9 jackals (D:2)
  2 quokkas
  9 bats
  3 giant newts
  5 goblins
  7 kobolds
  6 rats
  A plant (D:1)
78 creatures vanquished.

Vanquished Creatures (others)
  A plant (D:1)
1 creature vanquished.

Grand Total: 79 creatures vanquished

Notes
Turn   | Place    | Note
--------------------------------------------------------------
     0 | D:1      | wojtek, the Kobold Assassin, began the quest for the Orb.
     0 | D:1      | Reached XP level 1. HP: 12/12 MP: 1/1
   209 | D:1      | Reached XP level 2. HP: 15/17 MP: 2/2
   976 | D:2      | Reached XP level 3. HP: 19/21 MP: 3/3
  1163 | D:2      | Reached skill level 5 in Short Blades
  1587 | D:2      | Reached XP level 4. HP: 26/26 MP: 4/4
  2153 | D:2      | Reached skill level 6 in Short Blades
  2616 | D:3      | Reached XP level 5. HP: 30/30 MP: 5/5
  2845 | D:3      | Noticed Jessica
  2849 | D:3      | Killed Jessica
  2849 | D:3      | Reached skill level 7 in Short Blades
  3001 | D:3      | Reached XP level 6. HP: 35/35 MP: 6/6
  3043 | D:3      | Found a deep blue altar of Sif Muna.
  3270 | D:3      | Found a white marble altar of Elyvilon.
  3344 | D:3      | Found a burning altar of Makhleb.
  3354 | D:3      | Reached skill level 8 in Short Blades
  3358 | D:3      | Became a worshipper of Makhleb the Destroyer
  3497 | D:4      | Slain by an orc

Action                   |  1- 3 |  4- 6 || total
-------------------------+-------+-------++-------
Melee: Dagger            |   168 |   161 ||   329
 Fire: Blowgun           |       |     2 ||     2
Throw: Stone             |     3 |       ||     3
 Stab: Sleeping          |     7 |     8 ||    15
  Eat: Chunk             |     9 |     6 ||    15
